 Dungeon Crawl Stone Soup version 0.20.0-15-g7f486f2 (webtiles) character file.

95 NoNouf the Cudgeler (level 4, 0/28 HPs)
             Began as a Gargoyle Fighter on June 17, 2017.
             Slain by an orc
             ... wielding a +0 morningstar
              (11 damage)
             ... on level 4 of the Dungeon.
             The game lasted 00:13:38 (1561 turns).

NoNouf the Cudgeler (Gargoyle Fighter)              Turns: 1561, Time: 00:13:39

Health: 0/28       AC: 10    Str: 25    XL:     4   Next: 65%
Magic:  4/4        EV:  7    Int:  8    God:
Gold:   90         SH:  9    Dex: 10    Spells: 3/3 levels left

rFire    . . .     SeeInvis .   a - +0 flail
rCold    . . .     Gourm    .   c - +0 shield
rNeg     + . .     Faith    .   b - +0 scale mail
rPois    ∞         Spirit   .   (no helmet)
rElec    +         Reflect  .   (no cloak)
rCorr    .         Harm     .   (no gloves)
MR       .....                  (no boots)
Stlth    ..........             (no amulet)
Regen    0.1/turn               (no ring)
MPRegen  0.1/turn               (no ring)

@: mighty
A: negative energy resistance 1, electricity resistance, unbreathing,
petrification resistance, rot immunity, AC +3
a: no special abilities


You were on level 4 of the Dungeon.
You were not hungry.

You visited 1 branch of the dungeon, and saw 3 of its levels.

You collected 90 gold pieces.

Inventory:

Hand Weapons
 a - a +0 flail (weapon)
Armour
 b - a +0 scale mail (worn)
 c - a +0 shield (worn)
Jewellery
 l - a cursed -4 ring of protection {unknown}
 n - an uncursed ring of stealth {unknown}
 o - an uncursed ring of protection from fire {unknown}
Scrolls
 g - 3 scrolls of remove curse {unknown}
 i - 2 scrolls of identify {unknown}
 j - a scroll of teleportation {unknown}
Potions
 e - 2 potions of heal wounds {unknown}
 k - a potion of curing {unknown}
 m - a potion of lignification {unknown}
Comestibles
 f - 2 bread rations
 h - 6 chunks of flesh


   Skills:
 - Level 3.2 Fighting
 + Level 4.6 Maces & Flails
 - Level 3.2 Armour
 - Level 0.1 Dodging
 - Level 0.5 Stealth
 - Level 3.2 Shields


You had 3 spell levels left.
You didn't know any spells.

Dungeon Overview and Level Annotations

Branches:
Dungeon (2/15)

Altars:
Cheibriados


Innate Abilities, Weirdness & Mutations

You are resistant to torment.
Your stone body is resilient. (AC +3)
You are immune to poison.
You resist negative energy. (rN+)
You are resistant to electric shocks. (rElec)
You can survive without breathing.
You are immune to petrification.
You are immune to rotting.


Message History

The tomahawk hits you but does no damage.
You completely miss the orc priest.
The orc priest is severely wounded.
The orc hits you but does no damage. You block the orc priest's attack.
The orc barely misses you. The orc completely misses you.
The orc hits you but does no damage.
You sock the orc priest!
You kill the orc priest!
The orc hits you with a whip. You block the orc's attack.
The orc hits you but does no damage. You block the orc's attack.
The orc hits you but does no damage. You block the orc's attack.
The orc hits you but does no damage. The orc hits you but does no damage.
You see here a tomahawk.
The orc throws a tomahawk.
The tomahawk hits you but does no damage.
You see here a tomahawk.
You closely miss the orc. You block the orc's attack.
You block the orc's attack. The orc hits you with a morningstar!
You die...

....
......
......
......###
.........
#.......#
#.#...#.#
#......@#
#.....oo#
#.....oo#
#.#...#.#
#...)...#
##..(.(##
##(($##
#####
.....


You could see 4 orcs.

Vanquished Creatures
  An orc priest (D:4)
  3 adders (D:2)
  2 dart slugs
  A leopard gecko (D:1)
  A ball python (D:2)
  A giant cockroach (D:1)
  4 goblins
  5 hobgoblins
  5 bats
  4 frilled lizards (D:1)
  5 kobolds
  6 rats (D:1)
38 creatures vanquished.

Notes
Turn   | Place    | Note
-------+----------+-------------------------------------------
     0 | D:1      | NoNouf the Gargoyle Fighter began the quest for the Orb.
     0 | D:1      | Reached XP level 1. HP: 14/14 MP: 1/1
   189 | D:1      | Reached XP level 2. HP: 14/19 MP: 2/2
   523 | D:1      | Reached skill level 3 in Maces & Flails
   880 | D:1      | Reached XP level 3. HP: 23/23 MP: 3/3
  1279 | D:2      | Found a snail-covered altar of Cheibriados.
  1459 | D:2      | Reached skill level 4 in Maces & Flails
  1459 | D:2      | Reached XP level 4. HP: 28/28 MP: 4/4
  1547 | D:2      | You fall through a shaft for 2 floors!
  1561 | D:4      | Slain by an orc

Skill      XL: |  1  2  3 |
---------------+----------+-----
Maces & Flails | 3 4 |  4.6
Fighting       | |  3.2
Armour         | |  3.2
Dodging        | |  0.1
Stealth        | |  0.5
Shields        | |  3.2

Action                   |  1- 3 |  4- 6 || total
-------------------------+-------+-------++-------
Melee: Flail             |   148 |    14 ||   162
  Use: Potion            |       |     1 ||     1
  Eat: Meat ration       |     1 |       ||     1
Armor: Scale mail        |    58 |    23 ||    81
Dodge: Dodged            |    36 |     8 ||    44
Block: Shield            |    76 |    18 ||    94
